 Dungeon Crawl Stone Soup version 0.20-a0-490-g2d938b1 (webtiles) character file.

240 MirrMurr the Cudgeler (level 6, -7/36 HPs)
             Began as a Gargoyle Gladiator on Jan 15, 2017.
             Killed by divine providence
             ... invoked by an orc priest
              (12 damage)
             ... on level 3 of the Dungeon.
             The game lasted 00:07:12 (1489 turns).

MirrMurr the Cudgeler (Gargoyle Gladiator)          Turns: 1489, Time: 00:07:13

Health: -7/36      AC: 12    Str: 19    XL:     6   Next: 8%
Magic:  6/6        EV: 11    Int:  9    God:
Gold:   137        SH:  0    Dex: 11    Spells: 5/5 levels left

rFire    . . .     SeeInvis .   a - +0 flail
rCold    . . .     Gourm    .   j - +0 ring mail
rNeg     + . .     Faith    .   (no shield)
rPois    ∞         Spirit   .   c - +0 helmet
rElec    +         Reflect  .   m - +0 cloak
rCorr    .         Harm     .   (no gloves)
MR       .....                  (no boots)
Stlth    +.........             (no amulet)
Regen    0.1/turn               (no ring)
                                (no ring)

@: very slightly contaminated
A: negative energy resistance 1, electricity resistance, unbreathing,
petrification resistance, rot immunity, AC +4
a: no special abilities


You were on level 3 of the Dungeon.
You were not hungry.

You visited 1 branch of the dungeon, and saw 3 of its levels.

You collected 137 gold pieces.

Inventory:

Hand Weapons
 a - a +0 flail (weapon)
Missiles
 b - 11 poisoned needles
 d - 3 throwing nets (quivered)
 e - 5 javelins
 l - 28 stones
Armour
 c - a +0 helmet (worn)
 j - a +0 ring mail (worn)
 m - a +0 cloak (worn)
Jewellery
 g - an uncursed ring of fire {unknown}
 h - a cursed ring of loudness {unknown}
Scrolls
 r - a scroll of remove curse
 t - a scroll of recharging
Potions
 n - a potion of degeneration {unknown}
 o - a potion of resistance {unknown}
 s - a potion of lignification {unknown}
 u - a potion of invisibility {unknown}
 v - a potion of haste
Comestibles
 f - 5 bread rations
 i - 6 chunks of flesh
 k - 3 meat rations
 q - a slice of pizza


   Skills:
 + Level 2.9 Fighting
 * Level 5.5 Maces & Flails
 + Level 1.9 Throwing
 + Level 2.2 Armour
 + Level 2.8 Dodging


You had 5 spell levels left.
You didn't know any spells.

Dungeon Overview and Level Annotations

Branches:
Dungeon (3/15)

Altars:
Qazlal


Innate Abilities, Weirdness & Mutations

You are resistant to torment.
Your stone body is resilient. (AC +4)
You are immune to poison.
You resist negative energy. (rN+)
You are resistant to electric shocks. (rElec)
You can survive without breathing.
You are immune to petrification.
You are immune to rotting.


Message History

You sock the gnoll!
You kill the gnoll!
The orc barely misses you. The orc closely misses you.
The orc priest looks satisfied for a moment.
Things that are here:
a spear; a gnoll corpse The rat bites you but does no damage.
You barely miss the rat. The rat closely misses you. The orc barely misses you.
The rat barely misses you. The orc hits you but does no damage.
You closely miss the rat. The orc barely misses you.
The orc priest invokes the aid of Beogh against you.
Beogh smites you!
* * * LOW HITPOINT WARNING * * *
The rat bites you but does no damage. The orc hits you but does no damage. x2
A gnoll comes into view. It is wielding a flail.
The gnoll shouts!
You hit the rat but do no damage.
The orc priest invokes the aid of Beogh against you.
Beogh smites you!
You die...

#..#........# ######
#..#.)####+.#..# ##....o
###..#.#....#.#..# ###?#[#.#
.....#.#.##.#.#..# #####........
..(..#.#.##.#.#..####......#.#.#.
.....#.#....#.#..................
.....#.'####'.#.#####.....#.#.#.#
.....#....)...#..oooog..)........
.....+########'.@####....#.#.#.#.
...............r#####............
...................##.....#.#.#.#
.........................).......
...........................#.#.#.
.#######.#..........#.......... .
#....................#.#.# .
#...............##.......
##.........###..##..###..


You could see an orc priest, a gnoll, 3 orcs and a rat.

Vanquished Creatures
  An ogre (D:3)
  Crazy Yiuf (D:2)
  3 gnolls (D:3)
  2 adders (D:2)
  An ooze (D:3)
  3 worms (D:2)
  A dart slug (D:1)
  3 orcs (D:3)
  2 ball pythons
  A giant cockroach (D:2)
  9 goblins
  7 hobgoblins
  7 jackals
  A quokka (D:2)
  5 bats
  3 frilled lizards
  4 kobolds
  14 rats
68 creatures vanquished.

Notes
Turn   | Place    | Note
-------+----------+-------------------------------------------
     0 | D:1      | MirrMurr the Gargoyle Gladiator began the quest for the Orb.
     0 | D:1      | Reached XP level 1. HP: 12/12 MP: 1/1
   132 | D:1      | Reached XP level 2. HP: 13/18 MP: 2/2
   466 | D:1      | Reached XP level 3. HP: 20/22 MP: 3/3
   661 | D:2      | Found a runed door.
   665 | D:2      | Noticed Crazy Yiuf
   675 | D:2      | Killed Crazy Yiuf
   675 | D:2      | Reached skill level 4 in Maces & Flails
   675 | D:2      | Reached skill level 1 in Armour
   675 | D:2      | Reached XP level 4. HP: 12/27 MP: 4/4
  1004 | D:2      | Found a stormy altar of Qazlal.
  1323 | D:3      | Reached XP level 5. HP: 28/31 MP: 5/5
  1365 | D:3      | Noticed an ogre
  1382 | D:3      | Killed an ogre
  1382 | D:3      | Reached skill level 5 in Maces & Flails
  1407 | D:3      | Reached XP level 6. HP: 16/36 MP: 6/6
  1478 | D:3      | HP: 1/36 [orc/trident (3)]
  1489 | D:3      | Killed from afar by an orc priest

Vault maps used:
D:1:      mrwooster_arrival_statue_2, minmay_tromino_v4_a
D:2:      grunt_qazlal_clouds, serial_glass, glass_columns_a, glass_columns_a,
          glass_columns_b, glass_columns_a, due_unseen_surprise,
          item_on_display_b, minmay_strange_pillars, first_bread,
          uniq_crazy_yiuf_cottage
D:3:      minivault_11, hex_medium

Skill      XL: |  1  2  3  4  5 |
---------------+----------------+-----
Maces & Flails | 4 5 |  5.5
Armour         | 1 2 |  2.2
Fighting       | |  2.9
Throwing       | |  1.9
Dodging        | |  2.8

Action                   |  1- 3 |  4- 6 || total
-------------------------+-------+-------++-------
Melee: Flail             |    93 |   133 ||   226
Throw: Throwing net      |     2 |     2 ||     4
  Use: Scroll            |     5 |     2 ||     7
       Potion            |       |     4 ||     4
  Eat: Chunk             |       |     2 ||     2
Armor: Ring mail         |    57 |    67 ||   124
Dodge: Dodged            |    63 |   102 ||   165
